[Event "SVK ECo-C Extraliga 2021-22"]
[Site "Slovakia"]
[Date "2022.05.08"]
[Round "8.3"]
[White "Chlpik, Martin"]
[Black "Malinovsky, Karel"]
[Result "0-1"]
[ECO "D31"]
[WhiteElo "2225"]
[BlackElo "2473"]
[Annotator "TA"]
[PlyCount "159"]
[EventDate "2021.10.21"]
[EventType "team-tourn"]
[EventCountry "SVK"]
[SourceTitle "playchess.com"]
[Source "ChessBase"]
[SourceQuality "1"]
[TimeControl "40/5400+30:1800+30"]

1. d4 d5 2. c4 e6 3. Nc3 Be7 4. cxd5 exd5 5. Bf4 Nf6 6. Qc2 {[%emt 0:06:09] D35: Queen's Gambit Declined: Exchange Variation.} c5 7. dxc5 d4 8. O-O-O $1 {[%emt 0:00:07] [#] The position is equal.} Nc6 $146 (8... O-O $11) ({Predecessor:} 8... Qa5 9. Qa4+ Qxa4 10. Nxa4 Ne4 11. Bg3 Nc6 12. Nf3 Nxc5 13. Nxc5 Bxc5 14. Ne5 Nxe5 15. Bxe5 {0-1 (40) Ilincic,Z (2565)-Vukovic,Z (2470) Yugoslavia 1995}) 9. Nf3 (9. e3 $1 $14) 9... O-O $1 $11 10. e3 Bxc5 11. Nb5 Bb6 12. Ng5 (12. Bc4 $11 {and White has nothing to worry.}) 12... h6 $19 13. Nxf7 Rxf7 (13... Kxf7 14. Bc4+ Nd5 15. Nd6+ Kg8 16. Bxd5+ Kh8 17. Qe4 $16 (17. Nf7+ Rxf7 18. Bxf7 Qf8 $16)) 14. Bc4 {[%emt 0:01:12] [#]} Nd5 $1 15. Bd6 $2 (15. Qe4 Nce7 16. Nd6) 15... Be6 16. Qe4 {[%emt 0:02:15] [#]} Qc8 17. Ba3 (17. Nc3 Nxc3) 17... Nd8 18. Nd6 Qc6 19. Qc2 Rd7 20. e4 Ne7 (20... Rxd6 $2 21. Bxd6 Rc8 22. exd5 Qxc4 23. Qxc4 Rxc4+ 24. Kd2 Bxd5 25. Rc1 $19) 21. Bb5 Qxc2+ ({Don't blunder} 21... Rxd6 $2 22. Bxc6 Rxc6 23. Bxe7 $19) 22. Kxc2 Rc7+ 23. Kb1 Nec6 24. f4 a6 25. Ba4 Nf7 26. Nxb7 Ncd8 27. Nxd8 Nxd8 28. Bd6 Rc4 29. b3 Rxa4 30. bxa4 $17 Nf7 ({Black should play} 30... Rc8 31. a5 Bxa5 32. Rxd4 (32. f5 $2 Bc4 $17) 32... Nf7) 31. Ba3 (31. a5 $142 Bxa5 32. Rxd4) 31... Bc4 (31... Rd8 $142 {White must now prevent ...d3.} 32. Rd3 Bc4) 32. a5 {[%emt 0:01:13] [#]} Ba7 {[%emt 0:00:41] A strong pair of Bishops.} ({Don't play} 32... Bxa5 $6 33. Rxd4 Bb5 34. Rc1 $11) 33. Bb2 (33. Kc2 $17) 33... Be2 ({Weaker is} 33... Rb8 34. Rc1 Nd6 35. Ka1 $17) 34. Rd2 d3 35. Rxe2 dxe2 36. Re1 Nd6 37. Rxe2 Nc4 38. Bc3 (38. Kc2 $17 {was called for.}) 38... Rb8+ $19 39. Kc2 Na3+ 40. Kd2 Rc8 {[%emt 0:00:47] And now ...Nb1+ would win. Black is more active.} 41. Re1 {[%emt 0:03:50] Against Nb1+} Nb5 42. Bb4 Nd4 43. e5 Kf7 44. Kd3 Ke6 45. Bd6 (45. Bc3 $17 {is a better defense.} Kd5 46. Bxd4 Bxd4 47. e6) 45... Nf5 46. Bb4 Rd8+ 47. Kc3 (47. Bd6 $142) 47... Be3 {[%emt 0:03:48] Hoping for ...Bd2+.} 48. Rf1 Rd4 {[%emt 0:01:04] Strongly threatening ...Bd2+.} 49. Bf8 Rxf4 50. Rb1 Ra4 51. Kd3 Rd4+ 52. Ke2 (52. Kc3 {is the only way for White.} Bd2+ 53. Kb3) 52... Rd2+ 53. Kf3 Rf2+ 54. Ke4 Rxg2 55. Rb8 Rg4+ 56. Kf3 Rf4+ 57. Ke2 Rf2+ 58. Kd3 Rxa2 59. Bb4 Rb2 60. Re8+ Kd7 61. Rf8 Rxb4 62. Rxf5 {[%emt 0:00:02][%mdl 4096] Endgame KRB-KR} Rf4 63. Rh5 Ba7 64. Rh3 Ra4 {[%emt 0:00:12] ( -> ...Ra3+)} 65. Kc2 Rxa5 66. Rg3 g5 67. Rf3 Rxe5 68. Rf7+ Re7 69. Rf6 Re2+ 70. Kd3 Rxh2 71. Rf7+ Ke6 72. Rxa7 {[%emt 0:00:04] KR-KR} Kf5 73. Rxa6 Kg4 {[%emt 0:00:20] Black mates.} 74. Ke3 h5 75. Ra1 Rg2 76. Ra4+ Kh3 77. Ra5 h4 78. Ra8 Kg3 79. Rg8 g4 80. Kd4 {Weighted Error Value: White=0.39/Black=0.18 (very precise)} 0-1

[Event "SVK ECo-C Extraliga 2021-22"]
[Site "Slovakia"]
[Date "2022.05.09"]
[Round "8.4"]
[White "Nagy, Gabor"]
[Black "Urhegyi, Marton"]
[Result "1-0"]
[ECO "B38"]
[WhiteElo "2503"]
[BlackElo "2232"]
[Annotator "TA"]
[PlyCount "83"]
[EventDate "2021.10.21"]
[EventType "team-tourn"]
[EventCountry "SVK"]
[SourceTitle "playchess.com"]
[Source "ChessBase"]
[SourceQuality "1"]
[TimeControl "40/5400+30:1800+30"]

1. c4 c5 2. Nf3 Nc6 3. d4 cxd4 4. Nxd4 Nf6 5. Nc3 g6 6. e4 Bg7 7. Be3 d6 8. Be2 O-O 9. O-O Bd7 10. h3 Nxd4 11. Bxd4 Bc6 12. Qc2 {[%emt 0:00:27] B38: Sicilian: Maroczy Bind with 5...Bg7 and 7...0-0.} a5 13. Rad1 Nd7 14. Bxg7 {[%emt 0:00:31] White is slightly better.} Kxg7 15. Bg4 Ne5 16. c5 Nxg4 17. hxg4 Qc8 18. cxd6 Qxg4 19. dxe7 Rfe8 20. Nd5 $1 Bxd5 21. Qc3+ {[%emt 0:00:13] [#]} f6 $146 (21... Kg8 $1 $14 {should be considered.} 22. exd5 Rxe7) ({Predecessor:} 21... Kg8 22. exd5 Rxe7 23. Rd4 Qc8 24. Qd2 Qf5 25. d6 Rd7 26. Rd5 Qf6 27. Rd1 a4 {1-0 (44) Firouzja,A (2728)-Vachier Lagrave,M (2778) Chess.com INT 2020}) 22. exd5 $16 Rxe7 23. d6 Rd7 24. Rfe1 Qa4 25. Rd4 {[%emt 0:05:15] White is much more active.} Qc6 26. Qd2 (26. Qh3 {seems wilder.} Rad8 27. Re6 Qc1+ 28. Kh2) 26... b6 (26... Rc8 $14) 27. Rc1 $18 Qb5 28. a4 $36 {[%emt 0:01:50][%mdl 2048] White has strong initiative.} ({Don't play} 28. Rh4 $6 Rad8 $14) 28... Qb3 (28... Qf5 $16 {might work better.} 29. Rc7 (29. Rh4 Qg5 $14) 29... Rad8) 29. Rc3 (29. Rc7 $142 Qf7 30. Qc3 Rxc7 31. Qxc7 (31. dxc7 Rc8 $16) 31... Qxc7 32. dxc7) 29... Qe6 (29... Qa2 30. Re4 Rad8) 30. Re3 $1 Qf5 31. Rde4 {[%emt 0:01:19] And now Re7+ would win.} Rf8 32. b3 $2 (32. Re7+ $18 Rf7 33. Qe2 Qb1+ 34. Kh2) 32... Qc5 $16 33. Re6 Rff7 {[%emt 0:01:13] [#]} (33... Rfd8 $16) 34. Rc3 $1 $18 ({Don't take} 34. Rh3 $6 Qg5 35. Rhe3 Qf4 $16) 34... Qb4 {[%emt 0:00:44] [#]} 35. Qd3 $1 {[%emt 0:01:01] Against b5. Strongly threatening Rc4.} Qg4 36. Re8 Qb4 $2 (36... Qf4) 37. Rc6 (37. Rcc8 $142 f5 38. Rc6) 37... Rf8 {[%emt 0:00:26] Prevents Rg8+.} (37... Qg4 38. g3 (38. Rxb6 Rf8 $18) 38... f5 39. Rxb6 f4) 38. Re4 Qa3 39. Kh2 Rfd8 (39... Rff7 $142 40. Rd4 Qa2) 40. Qe3 {[%emt 0:00:54] White threatens Re7+ and mate.} Rxd6 41. Re7+ {[%emt 0:30:07][%mdl 64] Skewer, Deflection} Kf8 42. Rcc7 {[%emt 0:00:00] Weighted Error Value: White=0.44/Black=0.71} 1-0

[Event "SVK ECo-C Extraliga 2021-22"]
[Site "Slovakia"]
[Date "2022.05.08"]
[Round "8.4"]
[White "Piesik, Piotr"]
[Black "Mikrut, Dariusz"]
[Result "1/2-1/2"]
[ECO "E20"]
[WhiteElo "2418"]
[BlackElo "2361"]
[Annotator "TA"]
[PlyCount "45"]
[EventDate "2021.10.21"]
[EventType "team-tourn"]
[EventCountry "SVK"]
[SourceTitle "playchess.com"]
[Source "ChessBase"]
[SourceQuality "1"]
[TimeControl "40/5400+30:1800+30"]

1. d4 Nf6 2. c4 e6 3. Nc3 Bb4 4. f3 O-O 5. a3 Bxc3+ 6. bxc3 d5 7. cxd5 exd5 8. e3 c5 9. Bd3 b6 10. Ne2 Ba6 11. O-O Bxd3 12. Qxd3 Nbd7 13. Ng3 Re8 14. Bb2 {[%emt 0:04:15] E49: Nimzo-Indian: Rubinstein: 5 Bd3 d5 6 a3 Bxc3+ 7 bxc3.} h5 15. Rae1 {[%emt 0:07:40] [#]} cxd4 $146 ({Predecessor:} 15... g6 16. e4 cxd4 17. cxd4 h4 18. Nh1 Nh5 19. g3 hxg3 20. hxg3 Rc8 21. e5 Nf8 {1-0 (37) Milikow,Y (2299)-Savic,M (2450) Banja Vrujci 2021}) 16. cxd4 g6 17. Nh1 Rc8 18. Nf2 Qc7 19. Re2 Qc4 20. Qd1 b5 21. e4 {[%emt 0:06:57][%cal Be3e4,Be4e5][%mdl 32] White is slightly better.} Nb6 22. e5 Na4 23. f4 {[%emt 0:18:07] Weighted Error Value: White=0.06 (flawless) /Black=0.06 (flawless)} 1/2-1/2

[Event "SVK ECo-C Extraliga 2021-22"]
[Site "Slovakia"]
[Date "2022.05.08"]
[Round "8.4"]
[White "Bures, Jaroslav"]
[Black "Frindt, Kornel"]
[Result "1-0"]
[ECO "B32"]
[WhiteElo "2411"]
[BlackElo "2165"]
[Annotator "TA"]
[PlyCount "69"]
[EventDate "2021.10.21"]
[EventType "team-tourn"]
[EventCountry "SVK"]
[SourceTitle "playchess.com"]
[Source "ChessBase"]
[SourceQuality "1"]
[TimeControl "40/5400+30:1800+30"]

1. e4 c5 2. Nf3 Nc6 3. d4 cxd4 4. Nxd4 e5 5. Nb5 d6 6. N1c3 a6 7. Na3 Be7 8. Be3 b5 9. Nd5 Rb8 $1 10. c4 {[%emt 0:03:13][%cal Rc4b5,Bc2c4,Bc4d5][%mdl 32] B32: Sicilian: Löwenthal and Kalashnikov Variations.} b4 11. Nc2 Nf6 12. Qd3 {[%emt 0:04:10] White is slightly better.} O-O 13. Be2 Nxd5 (13... Nd7 $14) 14. cxd5 $16 ({Much less strong is} 14. exd5 Na5 $14) 14... Na5 15. O-O f5 {[%emt 0:02:23] [#]} 16. b3 $146 {[%emt 0:03:36] White is more active.} ({Predecessor:} 16. f3 b3 17. axb3 Rxb3 18. Qd2 Rxe3 19. Qxe3 Bg5 20. Qc3 Qb6+ 21. Kh1 Nb3 22. Rad1 {1-0 (41) Aflalo,S (2135)-Congiu,M (2248) Chartres 2017}) 16... Bg5 17. exf5 Bxf5 18. Qd2 Bxe3 19. Nxe3 Bc8 20. Rac1 Qb6 21. Bd3 Bd7 {[%emt 0:01:08] [#]} (21... Rf7 $142) 22. Rc2 (22. Qc2 $1 $16) 22... Rbc8 (22... Rf7 $14) 23. Rfc1 {[%emt 0:01:38] Hoping for Rxc8.} Rxc2 24. Nxc2 Rc8 25. Re1 Nb7 26. Qxb4 (26. Nxb4 $16 Nc5 27. Bc4) 26... Qxb4 $14 27. Nxb4 a5 28. Nc2 Rc3 29. Re3 {[%emt 0:00:02][%cal Od3h7] Strongly threatening Bxh7+!} g6 30. Be4 Rc7 31. f3 Kf7 32. g4 Ke7 33. h4 Nc5 34. Rc3 Rb7 $2 {[%emt 0:01:31][%mdl 8192] [#]} (34... Rc8 $11) 35. Rxc5 $1 {[%mdl 512] Weighted Error Value: White=0.13 (very precise) /Black=0.38} 1-0

[Event "SVK ECo-C Extraliga 2021-22"]
[Site "Slovakia"]
[Date "2022.05.09"]
[Round "8.4"]
[White "Borhy Marcell"]
[Black "Sepesi, Samuel"]
[Result "1-0"]
[ECO "E63"]
[WhiteElo "2396"]
[BlackElo "2159"]
[Annotator "TA"]
[PlyCount "73"]
[EventDate "2021.10.21"]
[EventType "team-tourn"]
[EventCountry "SVK"]
[SourceTitle "playchess.com"]
[Source "ChessBase"]
[SourceQuality "1"]
[TimeControl "40/5400+30:1800+30"]

1. Nf3 Nf6 2. g3 g6 3. c4 Bg7 4. d4 O-O 5. Bg2 d6 6. O-O Nc6 7. Nc3 a6 8. b3 $1 {[%emt 0:00:07][%mdl 4] is recently more successful than 8.h3.} Rb8 9. d5 Na5 {[%emt 0:00:33] E63: King's Indian: Fianchetto: Panno Variation with 7...a6.} 10. Bg5 c5 11. dxc6 $1 Nxc6 {[%emt 0:00:26] White is slightly better.} 12. Rc1 Be6 13. Nd5 Bxd5 14. cxd5 Nb4 15. Bxf6 Bxf6 16. a3 Na2 17. Rc2 Nc3 18. Qd3 Qa5 19. Nd2 {[%emt 0:04:19] [#]} Rfc8 $146 {[%emt 0:10:34][%cal Oc3e2] Hoping for ...Nxe2+!} ({Predecessor:} 19... Rbc8 20. Rfc1 Qxa3 21. Bf1 Rc5 22. Rxc3 Bxc3 23. Rxc3 Rfc8 24. Rc4 Rxc4 25. Nxc4 Qb4 {½-½ (46) Borhy,M (2371)-Mendonca,L (2499) Budapest 2020}) 20. Rfc1 {[%emt 0:09:57] And now Ne4 would win.} Rc7 21. Ne4 {[%emt 0:24:06] [#]} Nxe4 22. Rxc7 $16 Nc5 {[%emt 0:00:18] [#]} 23. R1xc5 dxc5 24. d6 exd6 25. Rd7 {[%emt 0:05:44] White is more active.} Rd8 26. Rxb7 ({Reject} 26. Rxd8+ $6 Qxd8 27. Bxb7 a5 $14) 26... Qe1+ 27. Bf1 d5 28. Rc7 $40 {[%emt 0:06:36][%mdl 128] Black is in trouble.} ({Better is} 28. Qxa6 $18 Qc3 29. Qb6) 28... Qc1 (28... Qa5 $142 29. Rc6 Kg7) 29. Qxa6 Bb2 (29... Be5 $16 30. Ra7 Qd1) 30. Qb7 $18 Rf8 31. a4 ({Don't do} 31. Qxd5 Bxa3 32. Kg2 Qb2 $18) 31... d4 32. Qd5 Ba3 $2 (32... Bc3 33. Rxc5 Qe1) 33. a5 {[%emt 0:00:19] White is clearly winning.} Bb4 34. a6 Qa1 35. a7 d3 {[%emt 0:00:28] [#]} 36. Rxf7 $1 Rxf7 37. a8=Q+ {[%emt 0:00:07] Weighted Error Value: White=0.07 (flawless) /Black=0.41} 1-0

[Event "SVK ECo-C Extraliga 2021-22"]
[Site "Slovakia"]
[Date "2022.05.08"]
[Round "8.4"]
[White "Plachetka, Jan"]
[Black "Vymazal, Bronislav"]
[Result "0-1"]
[ECO "A33"]
[WhiteElo "2311"]
[BlackElo "2385"]
[Annotator "TA"]
[PlyCount "72"]
[EventDate "2021.10.21"]
[EventType "team-tourn"]
[EventCountry "SVK"]
[SourceTitle "playchess.com"]
[Source "ChessBase"]
[SourceQuality "1"]
[TimeControl "40/5400+30:1800+30"]

1. d4 Nf6 2. Nf3 e6 3. c4 c5 4. Nc3 cxd4 5. Nxd4 Nc6 6. g3 Qb6 7. Nb3 {[%emt 0:08:22] 7.Ndb5 is more advanced technology.} Ne5 8. e4 Bb4 {[%emt 0:00:07] [#] Threatens to win with ...Nxe4. A33: Symmetrical English: 2 Nf3 Nf6 3 d4 cxd4 4 Nxd4 e6 5 Nc3 Nc6.} 9. c5 (9. Qe2 $5 ) 9... Bxc5 10. Nxc5 Qxc5 {[%emt 0:00:04] The position is equal.} 11. Be2 {[%emt 0:01:26] [#]} O-O $146 ({Predecessor:} 11... Nc6 12. O-O d5 {0-1 (12) Dyson,J (1978)-Romano,J (1938) FICGS email 2016}) 12. O-O d5 13. Be3 Qe7 14. exd5 (14. f4 $5 Nc6 15. e5 $11) 14... Rd8 15. Bg5 exd5 16. f4 (16. Qd4 $15) 16... Neg4 {[%emt 0:11:37] [#] And now ...d4 would win. Pair of Knights!} 17. Qd4 ({Wrong is} 17. Bxg4 $2 Qc5+ 18. Kg2 Bxg4 $19) 17... Qe3+ 18. Qxe3 Nxe3 19. Rf2 Bf5 {[%emt 0:01:21] Strongly threatening ...d4.} 20. Bxf6 gxf6 21. Bf3 d4 22. Ne4 (22. Nd1 $17) 22... d3 $19 {[%emt 0:03:59] White must now prevent ...Bxe4.} 23. Nd2 Rac8 24. Re1 Nc4 {[%emt 0:00:51] 0x0.001d12553742dp-1022s more active pieces.} ({Better is} 24... Nc2 $17 25. Rd1 (25. Re7 $2 Nd4 $19) 25... b6) 25. b3 (25. Bxb7 $11 Rc7 26. Rc1) 25... Nd6 $36 {[%emt 0:02:45][%mdl 2048] Keeping White busy.} 26. g4 Bd7 27. a4 ({White should try} 27. Nf1 $15) 27... f5 28. g5 (28. gxf5 $17 Bxf5 29. Re5) 28... Be6 29. Re5 b6 30. Rg2 (30. Kg2 $142) 30... Rc1+ $19 31. Kf2 Rc2 32. Ke1 (32. Kg3) 32... Rb2 33. Bd5 (33. h4 $142) 33... Rc8 {[%emt 0:00:58] Black is clearly winning.} 34. Nc4 Rb1+ 35. Kf2 Nxc4 36. Rxe6 d2 {[%emt 0:00:45] Weighted Error Value: White=0.59/Black=0.18 (very precise)} 0-1

[Event "SVK ECo-C Extraliga 2021-22"]
[Site "Slovakia"]
[Date "2022.05.08"]
[Round "8.4"]
[White "Zvarik, Martin"]
[Black "Hros, Roman"]
[Result "1/2-1/2"]
[ECO "A43"]
[WhiteElo "2236"]
[BlackElo "2244"]
[Annotator "TA"]
[PlyCount "77"]
[EventDate "2021.10.21"]
[EventType "team-tourn"]
[EventCountry "SVK"]
[SourceTitle "playchess.com"]
[Source "ChessBase"]
[SourceQuality "1"]
[TimeControl "40/5400+30:1800+30"]

1. d4 c5 2. d5 Nf6 3. Bg5 g6 4. Nc3 d6 5. Qd2 h6 {[%emt 0:10:10] [#]} 6. Bxf6 $146 {[%emt 0:06:54] A45: Trompowsky Attack.} ({Predecessor:} 6. Bf4 g5 7. Bg3 Nh5 8. e4 Bg7 9. Bd3 Nxg3 10. hxg3 a6 11. a4 Nd7 12. f4 {½-½ (60) Hauge,L (2436)-Altounian,L (2443) Chess.com INT 2018}) 6... exf6 7. e3 Bg7 8. Be2 {[%emt 0:08:43] Black has an edge.} a6 9. g4 (9. a4 $11) 9... f5 10. gxf5 Bxf5 11. h4 b5 12. h5 g5 13. Bd3 Bc8 14. Nd1 (14. f4 $17) 14... O-O 15. c3 Nd7 16. f4 gxf4 17. exf4 Nf6 (17... Re8+ $19 18. Ne2 Nf6) 18. Ne3 $17 Re8 19. O-O-O Qb6 (19... c4 $17 20. Bc2 b4 21. cxb4 Ne4 22. Bxe4 (22. Qg2 $2 Qf6 $19) 22... Rxe4) 20. c4 (20. Re1 $11) 20... Rxe3 $2 21. Qxe3 bxc4 22. Bxc4 Bf5 (22... Bg4 $15 23. Ne2 Re8) 23. Qb3 (23. Qa3 $1 $11) 23... Qc7 $15 {[%emt 0:01:30][%mdl 1024] Hoping for ...Rb8. Black has compensation.} 24. Rh2 (24. Ne2 $15) 24... Rb8 $36 {[%emt 0:00:24][%mdl 2048] Keeping White busy.} 25. Qa3 {[%emt 0:01:38] [#]} Rb4 (25... Nxh5 $142 $1 26. Re1 (26. Rxh5 $2 Bxb2+ 27. Qxb2 Rxb2 $19) (26. Qe3 Qa5) 26... Qb7 $1) 26. Bd3 Bg4 {[%emt 0:02:14] This bishop pair is nice.} (26... Rxf4 27. Qxa6 Qb8 28. Bxf5 Rxf5 29. Nh3 $14) (26... Bd7 $1 $17 {aiming for ...Ra4.} 27. Rg2 (27. Bxa6 $2 Ra4 $19) 27... Ng4) 27. Be2 $1 $15 Qd7 {[%emt 0:00:35] Strongly threatening ...Qf5.} (27... Rxf4 28. Qxa6 Qb8 29. Bxg4 Nxg4 30. Re2 $11) 28. Rg2 ({White should try} 28. Bxg4 $15 Qxg4 29. Qf3) 28... Ra4 (28... Rxf4 $6 29. Qxa6 Qe8 30. Bxg4 (30. Qxd6 Qe3+ 31. Kb1 Qe4+ 32. Ka1 Qxg2 $15) 30... Nxg4 31. Re2 $11 (31. Qxd6 $2 Rc4+ 32. Rc2 Rxc2+ 33. Kxc2 Ne3+ 34. Kd3 c4+ 35. Kd2 c3+ 36. Kd3 Nxd1 $19)) (28... Qf5 $17 29. Qe3 Kf8) 29. Qg3 (29. Bxg4 $11 {remains equal.} Nxg4 30. Qg3) 29... Rxa2 $17 (29... Qf5 30. Bxg4 Rc4+ 31. Kd2 Ne4+ 32. Ke1 Nxg3 33. Bxf5 Nxf5 34. Rd3 $14) 30. Qb3 (30. Bxg4 $17 Qa4 31. Bf5 Ra1+ 32. Bb1 Rxb1+ 33. Kxb1 Qxd1+ 34. Ka2 Qxd5+ 35. Kb1 Qe4+ 36. Ka2 Nxh5 37. Qg4) 30... Ra4 $4 (30... Ra1+ $19 {and life is good for Black.} 31. Kd2 Ra4) 31. Bxg4 $18 Nxg4 {[%emt 0:00:27] [#]} 32. Nh3 $4 {[%emt 0:00:51][%mdl 8192] [#]} (32. Rxg4 $1 $18 {[%mdl 512] was the only winning move.} Ra1+ 33. Kd2 Qxg4 34. Rxa1 Qxf4+ 35. Qe3 Qb4+ 36. Kd1) 32... Rb4 (32... c4 $1 $19 {[%cal Rc4b3] is more deadly.} 33. Qg3 (33. Qb8+ $2 Kh7 $19) 33... Ra1+ 34. Kd2 c3+ 35. bxc3 Ra2+ 36. Kc1 Rxg2 37. Qxg2 Ne3) 33. Qd3 $17 f5 {[%emt 0:00:25] ...Qa4 is the strong threat.} 34. Rdd2 (34. Rgd2 $17) 34... Qa4 $2 ({Black should play} 34... c4 $19 35. Qe2 c3 36. bxc3 Re4 37. Qxa6 Re1+ 38. Kb2 (38. Rd1 $2 Rxd1+ 39. Kxd1 Ne3+ 40. Kd2 Nxg2 $19) 38... Qc7) 35. Kb1 $11 {[%emt 0:00:19] The position is equal.} ({But not} 35. Qxf5 $2 Qa1+ 36. Qb1 Rc4+ 37. Rc2 Bxb2+ 38. Kd2 Rd4+ 39. Ke2 Qxb1 $19) 35... c4 36. Qxf5 Rxb2+ $1 37. Rxb2 {[%emt 0:00:05] Rb8+ would kill now. Really sharp!} Qd1+ 38. Ka2 {[%emt 0:00:04] Threatening mate with Rb8+.} Qa4+ 39. Kb1 {[%emt 0:00:04] Weighted Error Value: White=0.57/Black=0.55} 1/2-1/2

[Event "SVK ECo-C Extraliga 2021-22"]
[Site "Slovakia"]
[Date "2022.05.08"]
[Round "8.5"]
[White "Manik, Mikulas"]
[Black "Roubalik, Jakub"]
[Result "1/2-1/2"]
[ECO "C84"]
[WhiteElo "2368"]
[BlackElo "2389"]
[Annotator "TA"]
[PlyCount "35"]
[EventDate "2021.10.21"]
[EventType "team-tourn"]
[EventCountry "SVK"]
[SourceTitle "playchess.com"]
[Source "ChessBase"]
[SourceQuality "1"]
[TimeControl "40/5400+30:1800+30"]

1. e4 e5 2. Nf3 Nc6 3. Bb5 a6 4. Ba4 Nf6 5. O-O Be7 6. d3 b5 7. Bb3 d6 8. a3 O-O 9. Nc3 Bg4 10. Be3 {[%emt 0:00:09] The position is equal.} Nd4 {[%emt 0:02:07] C84: Closed Ruy Lopez: Unusual White 6th moves.} 11. Bxd4 exd4 12. Nd5 c5 {[%emt 0:01:10] 12...Nxd5 is a critical line.} 13. h3 Be6 14. Nf4 {[%emt 0:00:10] Pair of Knights!} Bxb3 15. cxb3 Re8 16. b4 Bf8 {[%emt 0:01:57] [#]} 17. Qb3 $146 ({Predecessor:} 17. Re1 g6 18. g4 Rc8 19. a4 c4 20. axb5 axb5 21. Nxd4 Bh6 22. Ng2 Bg7 23. Nf3 cxd3 24. Qxd3 {1-0 (51) Shomoev,A (2561)-Li,R (2366) Ho Chi Minh City 2016}) 17... Rc8 18. Nd5 {[%emt 0:23:26] Not much happened in this game.  Weighted Error Value: White=0.03 (flawless) /Black=0.04 (flawless)} (18. Ng5 c4 19. Qd1 d5 $17) 1/2-1/2

[Event "SVK ECo-C Extraliga 2021-22"]
[Site "Slovakia"]
[Date "2022.05.08"]
[Round "8.5"]
[White "Vass, Frantisek"]
[Black "Jablonicky, Martin"]
[Result "0-1"]
[ECO "A45"]
[WhiteElo "2311"]
[BlackElo "2377"]
[Annotator "TA"]
[PlyCount "92"]
[EventDate "2021.10.21"]
[EventType "team-tourn"]
[EventCountry "SVK"]
[SourceTitle "playchess.com"]
[Source "ChessBase"]
[SourceQuality "1"]
[TimeControl "40/5400+30:1800+30"]

1. d4 Nf6 2. Bg5 g6 3. Bxf6 exf6 4. g3 h5 {[%emt 0:00:05] [#]} 5. Nf3 $146 ({Predecessor:} 5. h4 Bg7 6. Bg2 O-O 7. e3 Re8 8. Ne2 f5 9. O-O d6 10. c4 Nd7 11. Nd2 Nf6 12. Rb1 {0-1 (19) Rengifo Blancas,R (2131)-Osinovsky,S (2241) Chess.com INT 2020}) 5... d5 6. Bg2 {[%emt 0:01:04] A45: Trompowsky Attack.} Bd6 7. c4 dxc4 8. Nbd2 {[%emt 0:04:52] The position is equal.} O-O 9. O-O Re8 10. Nxc4 Bf8 11. Re1 Nd7 12. e4 Nb6 13. Qc2 c6 14. a3 f5 15. e5 Nxc4 16. Qxc4 Be6 17. Qc3 Bd5 18. Rad1 Qb6 19. Nd2 Be6 20. Nc4 Qd8 21. Ne3 Rc8 22. b4 Re7 (22... f4 {is interesting.} 23. gxf4 Qh4 24. d5 cxd5 25. Qd3 Qxf4 26. Nxd5 Bxd5 27. Bxd5 Kh7) 23. Qb2 Rd7 24. b5 Qa5 25. bxc6 bxc6 26. Nc2 Qa4 27. Rd3 Rcd8 28. Rc3 {[%emt 0:01:55] Against c5} c5 29. dxc5 Rd1 30. Qb4 $2 (30. Bf3 $11 {and White has nothing to worry.} R1d2 31. Qb4 Rxc2 32. Qxa4 Rxc3 33. Rd1) 30... Rxe1+ $1 $19 31. Nxe1 Qd1 32. Kf1 (32. Re3 Qc1 33. Qa5) 32... Rd4 $2 (32... Rd2 $19 {( -> ...Qe2+)} 33. Bf3 Qa1) 33. Bf3 $11 {[%emt 0:01:39] Prevents Qe2+.} Qd2 34. Rc2 Rxb4 ({Don't take} 34... Qxb4 35. axb4 f4 36. b5 $14) 35. Rxd2 Rc4 $36 {[%emt 0:00:06][%mdl 2048] White is under pressure.} (35... Rb1 $5 ) 36. c6 Bxa3 37. Nd3 {[%emt 0:00:18] Prevents Rc1+.} g5 {[%emt 0:04:10][%cal Bg6g5,Bg5g4][%mdl 32] Prevents Nf4.} 38. Ke2 (38. h4 $11) 38... a5 (38... g4 $1 $17 39. Bg2 Rc3) 39. h4 {[%emt 0:00:39] [#]} (39. Nb2 $11 {remains equal.} Rc3 40. Rd8+ Kg7 41. Nd3) 39... g4 $1 $17 40. Bg2 {[%emt 0:00:04] [#]} Rc3 $1 41. Nb2 (41. Rd1 $17 {is a better defense.}) 41... Bb4 {[%emt 0:07:27] This bishop pair is nice.} (41... Kg7 $19 {[%cal Oa5a4] aiming for ...a4!} 42. Nd3 Bb3) 42. Nd3 Bc4 {[%emt 0:03:06] Strongly threatening ...Ba6.} 43. Ke3 $2 (43. c7 $17 Kg7 44. c8=Q Bxd3+ 45. Rxd3 Rxc8 46. Rd7) 43... Bc5+ $19 {[%emt 0:00:10] Black is clearly winning.} 44. Kf4 Bf8 {[%emt 0:00:24] White must now prevent ...Bh6+.} ({Weaker is} 44... Rxd3 45. c7 Rxd2 46. c8=Q+ Bf8 47. Qxc4 $18) 45. Kg5 {[%emt 0:00:40] And now Nf4 would win.} Bxd3 46. c7 Be4 {[%emt 0:04:02] Weighted Error Value: White=0.54/Black=0.27 (precise)} 0-1